 Dungeon Crawl Stone Soup version 0.19-a0-1206-g6bcb79c (webtiles) character file.

1427 JustSomeDude the Shield-Bearer (level 8, -5/62 HPs)
             Began as a Demonspawn Fighter on Aug 21, 2016.
             Slain by a giant frog (7 damage)
             ... on level 6 of the Dungeon.
             The game lasted 00:12:23 (6615 turns).

JustSomeDude the Shield-Bearer (Demonspawn Fighter) Turns: 6615, Time: 00:12:24

Health: -5/62      AC: -10   Str: 18    XL:     8   Next: 44%
Magic:  0/8        EV: 10    Int: 11    God:
Gold:   266        SH: 10    Dex: 12    Spells: 0 memorised, 7 levels left

rFire  + . .     SeeInvis .     a - +0 trident
rCold  . . .     Gourm    .     u - +1 scale mail {rF+}
rNeg   . . .     Faith    .     c - +0 shield
rPois  .         Spirit   +     (helmet restricted)
rElec  .         Dismiss  .     l - +0 cloak
rCorr  .         Reflect  .     (no gloves)
MR     .....     Harm     .     (no boots)
Stlth  +.........               z - amulet of magic regeneration
                                (no ring)
                                (no ring)

@: corroded
A: antennae 2, nightstalker 1, magic shield, sturdy frame 2
a: no special abilities


You were on level 6 of the Dungeon.
You were hungry.

You visited 1 branch of the dungeon, and saw 6 of its levels.

You collected 266 gold pieces.

Inventory:

Hand Weapons
 a - a +0 trident (weapon)
Armour
 c - a +0 shield (worn)
 l - a +0 cloak (worn)
 u - a +1 scale mail of fire resistance (worn)
Jewellery
 z - an amulet of magic regeneration (around neck)
Wands
 y - a wand of enslavement (23/24)
Scrolls
 e - a scroll of blinking
 g - a scroll of fear {unknown}
 h - 3 scrolls of identify
 j - a scroll of amnesia {unknown}
 k - 3 scrolls of remove curse
 m - 3 scrolls of noise {unknown}
 n - 2 scrolls of immolation
 o - a scroll of recharging
 p - a scroll of fog {unknown}
 w - a scroll of enchant armour {unknown}
 x - a scroll of magic mapping
 D - 2 scrolls of teleportation {unknown}
Potions
 b - a potion of agility {unknown}
 d - 2 potions of might
 i - 2 potions of mutation {unknown}
 q - a potion of haste {unknown}
 r - 2 potions of lignification {unknown}
 t - a potion of magic {unknown}
 v - 4 potions of curing
 A - 2 potions of flight {unknown}
 F - 2 potions of heal wounds {unknown}
Comestibles
 f - 4 bread rations
 B - a slice of pizza
 C - 3 meat rations


   Skills:
 + Level 5.1 Fighting
 + Level 4.4 Polearms
 + Level 4.9 Armour
 + Level 4.1 Dodging
 + Level 0.4 Stealth
 + Level 5.4 Shields


You had 7 spell levels left.
You didn't know any spells.

Dungeon Overview and Level Annotations

Branches:
Dungeon (6/15)             Temple (0/1) D:5

Altars:
Cheibriados
Dithmenos
Makhleb
Nemelex Xobeh
Sif Muna
The Shining One

Shops:
D:5 ?


Innate Abilities, Weirdness & Mutations

You have a pair of antennae on your head.
You are slightly more attuned to the shadows.
When hurt, damage is shared between your health and your magic reserves.
Your movements are less encumbered by armour. (ER -4)


Message History

You block the giant frog's attack.
You hit the jelly.
Your hands burn!
The jelly is heavily wounded.
The giant frog closely misses you. The jelly hits you.
You are splashed with acid!
The acid corrodes you!
The acid burns!
You hit the jelly but do no damage.
Your hands burn!
The jelly is heavily wounded.
The giant frog misses you. You block the jelly's attack.
The giant frog hits you.
You hit the jelly but do no damage.
Your hands burn!
* * * LOW HITPOINT WARNING * * *
The jelly is heavily wounded.
The giant frog hits you.
* * * LOW HITPOINT WARNING * * *
The jelly hits you.
* * * LOW HITPOINT WARNING * * *
You are splashed with acid!
The acid burns!
* * * LOW HITPOINT WARNING * * *
The giant frog hits you!
You die...

*#.# ***,**,*****,,,,,,,**,*,*
##.##### *,,,,,,,,,,*****,*,***,
.......# ****...##*** *,**,*,*
##...#.# *#...# *,,,,,,, ##.#...#
#...# ***,**** .....### #...# *,*
* ###..# #...# #.#*## ###..###
#.J.####### #..,.. .......#
#.@.......# #.####
.##..#.########..F#####.## #....#
.##....#<................# #.##.#
...>.....................###.....
.......#.................##......
..####.########................##
.......# #...####.###.._..##
#.###### #...# #.# #....... #.#
#...# #.#*#....#.#


You could see a giant frog and a jelly.

Vanquished Creatures
  3 phantoms (D:5)
  An ogre (D:4)
  The ghost of JustSomeDude the Skirmisher, an amateur DsFi of Uskayaw (D:3)
  2 centaurs (D:5)
  A giant frog (D:5)
  A scorpion (D:5)
  A crimson imp (D:5)
  A jelly (D:5)
  Crazy Yiuf (D:3)
  An orc priest (D:4)
  4 orc wizards
  3 iguanas
  Jessica (D:3)
  Terence (D:2)
  5 worker ants
  A hound skeleton (D:6)
  Robin (D:3)
  4 gnolls
  10 adders
  A shadow imp (D:6)
  2 oozes (D:2)
  2 worms
  4 giant geckos
  4 orcs
  5 giant cockroaches
  13 goblins
  3 hobgoblins (D:3)
  9 jackals
  10 kobolds
  3 quokkas
  6 bats
  3 giant gecko skeletons
  8 giant newts
  11 rats
  A bush (D:3)
128 creatures vanquished.

Notes
Turn   | Place    | Note
-------+----------+-------------------------------------------
     0 | D:1      | JustSomeDude the Demonspawn Fighter began the quest for the Orb.
     0 | D:1      | Reached XP level 1. HP: 18/18 MP: 1/1
   352 | D:1      | Gained mutation: You have a pair of small antennae on your head. [demonic ancestry]
   352 | D:1      | Reached XP level 2. HP: 21/24 MP: 2/2
   740 | D:2      | Gained mutation: You have a pair of antennae on your head. [demonic ancestry]
   740 | D:2      | Reached XP level 3. HP: 14/29 MP: 3/3
  1267 | D:2      | Noticed Terence
  1277 | D:2      | Killed Terence
  1277 | D:2      | Gained mutation: Your movements are slightly less encumbered by armour. (ER -2) [demonic ancestry]
  1277 | D:2      | Reached XP level 4. HP: 33/35 MP: 4/4
  1343 | D:2      | Reached skill level 1 in Dodging
  1565 | D:2      | Gained mutation: Your movements are less encumbered by armour. (ER -4) [demonic ancestry]
  1565 | D:2      | Reached XP level 5. HP: 41/41 MP: 5/5
  2108 | D:3      | Noticed JustSomeDude's ghost (amateur DsFi)
  2143 | D:3      | Killed JustSomeDude's ghost
  2416 | D:3      | Noticed Robin
  2429 | D:3      | Gained mutation: You are slightly more attuned to the shadows. [demonic ancestry]
  2429 | D:3      | Reached XP level 6. HP: 40/48 MP: 6/6
  2460 | D:3      | Killed Robin
  2889 | D:3      | Noticed Jessica
  2901 | D:3      | Killed Jessica
  3439 | D:3      | Found a runed door.
  3444 | D:3      | Noticed Crazy Yiuf
  3452 | D:3      | Killed Crazy Yiuf
  3737 | D:4      | Reached XP level 7. HP: 43/54 MP: 7/7
  4191 | D:4      | Found a deep blue altar of Sif Muna.
  4454 | D:5      | Entered Level 5 of the Dungeon
  4573 | D:5      | Found a shadowy altar of Dithmenos.
  4994 | D:5      | Found Kas Keol's Magic Scroll Shop.
  5208 | D:5      | Found a sparkling altar of Nemelex Xobeh.
  5228 | D:5      | Reached skill level 5 in Shields
  5262 | D:5      | Gained mutation: When hurt, damage is shared between your health and your magic reserves. [demonic ancestry]
  5262 | D:5      | Reached XP level 8. HP: 49/61 MP: 8/8
  5345 | D:5      | Found a staircase to the Ecumenical Temple.
  5884 | D:5      | Reached skill level 5 in Fighting
  6183 | D:6      | Found a burning altar of Makhleb.
  6477 | D:6      | Found a glowing golden altar of the Shining One.
  6478 | D:6      | Found a snail-covered altar of Cheibriados.
  6615 | D:6      | HP: 2/62 [acid (6)]
  6615 | D:6      | Slain by a giant frog

Vault maps used:
D:1:      erik_arrival_cave_to_civilisation
D:2:      minivault_14, uniq_terence
D:3:      kennysheep_generic_room_7, uniq_jessica, uniq_robin,
          uniq_crazy_yiuf_cottage
D:4:      lemuel_blue_sif_altar
D:5:      nemelex_xobeh_ov_fountains_minmay, grunt_dithmenos_smoke, first_bread,
          serial_shops, nicolae_shop_stone, kennysheep_generic_room_16
D:6:      amethyst_overflow_temple_binary, bloody_makhleb

Skill      XL: |  1  2  3  4  5  6  7  8 |
---------------+-------------------------+-----
Armour         | 3 4 |  4.9
Shields        | 3 4 5 |  5.4
Polearms       | 2 3 4 |  4.4
Dodging        | 1 2 3 4 |  4.1
Fighting       | 4 5 |  5.1
Stealth        | |  0.4

Action                   |  1- 3 |  4- 6 |  7- 9 || total
-------------------------+-------+-------+-------++-------
Melee: Trident           |   133 |   414 |   358 ||   905
  Use: Potion            |       |     1 |     1 ||     2
       Scroll            |       |       |    10 ||    10
 Stab: Sleeping          |       |       |     1 ||     1
  Eat: Chunk             |     1 |     8 |     6 ||    15
       Beef jerky        |       |     1 |     2 ||     3
Armor: Scale mail        |    51 |   107 |   102 ||   260
Dodge: Dodged            |    43 |   122 |   110 ||   275
Block: Shield            |    59 |   145 |   184 ||   388
